 Dungeon Crawl Stone Soup version 0.21-a0-531-gacddea6 (webtiles) character file.

72 mopl the Caller (level 4, 0/34 HPs)
             Began as a Gnoll Wanderer on Dec 13, 2017.
             Slain by a gnoll
             ... wielding a +0 halberd
              (11 damage)
             ... on level 2 of the Dungeon.
             The game lasted 00:02:53 (1782 turns).

mopl the Caller (Gnoll Wanderer)                    Turns: 1782, Time: 00:02:54

Health: 0/34       AC:  5    Str: 15    XL:     4   Next: 25%
Magic:  2/5        EV: 11    Int: 16    God:
Gold:   67         SH:  0    Dex: 13    Spells: 0/5 levels left

rFire    . . .     SeeInvis .   k - +3 whip
rCold    . . .     Gourm    .   (no shield)
rNeg     . . .     Faith    .   j - +0 ring mail
rPois    .         Spirit   .   (no helmet)
rElec    .         Reflect  .   (no cloak)
rCorr    .         Harm     .   (no gloves)
MR       .....                  (no boots)
Stlth    +.........             (no amulet)
HPRegen  0.11/turn              (no ring)
MPRegen  0.09/turn              (no ring)

@: no status effects
A: distributed training, fangs 1, strong nose
a: no special abilities


You were on level 2 of the Dungeon.
You were not hungry.

You visited 1 branch of the dungeon, and saw 2 of its levels.

You collected 67 gold pieces.

Inventory:

Hand Weapons
 c - a +0 falchion
 e - a +0 spear
 k - a +3 whip (weapon)
Missiles
 h - 65 stones (quivered)
 t - 63 sling bullets
Armour
 d - a +0 robe
 j - a +0 ring mail (worn)
Scrolls
 g - 4 scrolls of identify {unknown}
 i - a scroll of fog {unknown}
 l - a scroll of remove curse {unknown}
 o - a scroll of enchant weapon {unknown}
 r - 3 scrolls of fear {unknown}
Potions
 m - a potion of flight {unknown}
 n - a potion of heal wounds {unknown}
 p - a potion of berserk rage {unknown}
 q - 2 potions of haste {unknown}
 s - a potion of ambrosia {unknown}
 v - a potion of resistance {unknown}
Books
 a - a book of Callings

   Spells                             Type                      Level
   a - Summon Small Mammal            Summoning                    1
   b - Call Imp                       Summoning                    2
   c - Call Canine Familiar           Summoning                    3
   d - Summon Guardian Golem          Hexes/Summoning              3
   e - Summon Lightning Spire         Summoning/Air                4
   f - Summon Ice Beast               Ice/Summoning                4
 b - the Handbook of Poisoning

   Spells                             Type                      Level
   a - Sting                          Conjuration/Poison           1
   b - Spider Form                    Transmutation/Poison         3
Comestibles
 f - a bread ration
 u - a chunk of flesh


   Skills:
 + Level 2.7 Fighting
 + Level 1.0 Short Blades
 + Level 2.7 Long Blades
 + Level 1.0 Axes
 + Level 1.0 Maces & Flails
 + Level 1.0 Polearms
 + Level 1.0 Staves
 + Level 1.0 Slings
 + Level 1.0 Bows
 + Level 1.0 Crossbows
 + Level 1.0 Throwing
 + Level 1.0 Armour
 + Level 2.7 Dodging
 + Level 2.5 Stealth
 + Level 2.7 Shields
 + Level 1.0 Unarmed Combat
 + Level 1.0 Spellcasting
 + Level 0.8 Conjurations
 + Level 0.8 Hexes
 + Level 0.8 Charms
 + Level 5.4 Summonings
 + Level 3.8 Necromancy
 + Level 0.8 Translocations
 + Level 0.8 Transmutations
 + Level 0.8 Fire Magic
 + Level 0.8 Ice Magic
 + Level 0.8 Air Magic
 + Level 0.8 Earth Magic
 + Level 0.8 Poison Magic
 + Level 1.1 Invocations
 + Level 1.0 Evocations


You couldn't memorise any spells.
You knew the following spells:

 Your Spells              Type           Power        Failure   Level  Hunger
a - Call Canine Familiar  Summ           ###.....     14%         3    ####...
b - Call Imp              Summ           ###.....     7%          2    ###....


Dungeon Overview and Level Annotations

Branches:
Dungeon (2/15)

Altars:


Innate Abilities, Weirdness & Mutations

Your experience applies equally to all skills.
You have very sharp teeth.
Your uncanny sense of smell can sniff out nearby items.


Message History

Your white imp closely misses the gnoll.
The gnoll barely misses your white imp.
Your white imp gestures at the gnoll.
The puff of frost hits the gnoll.
The gnoll hits your white imp with a spear.
Your white imp hits the gnoll.
The gnoll dies!
Your white imp hits the gnoll.
The gnoll dies!
Your white imp barely misses the adder.
The adder bites your white imp but does no damage.
The adder barely misses your white imp.
Your white imp gestures at the adder.
The puff of frost hits the adder.
The adder bites your white imp but does no damage.
Your white imp barely misses the adder.
The adder bites your white imp but does no damage.
There is a stone staircase leading up here.
The gnoll hits you from afar with a halberd!
You die...

#..# #.###..# #..# #......#
#..# #.###.## #..# #.##...#
#..# #.##.... #..#
########.##.†..
#÷.#######...l........#.
#..........#.####(###.#.
.########.....@.g...# #.# #.#.
...........#############(###.#.
. ##########.### #..5...... .
#.....# #.#S###.## S #.....#
#.#l# #.# . #.....#
#####.#.###.## .
###..((.#####[......##.#.# .
#..........ggg....###.###.
l#######.#.#########.#####
##.#.#


You could see a gnoll and a frilled lizard.

Vanquished Creatures
  An adder (D:2)
  A worm (D:2)
  A dart slug (D:2)
  A leopard gecko (D:2)
  2 ball pythons
  8 bats
  2 giant cockroaches
  5 goblins (D:1)
  6 hobgoblins (D:1)
  7 kobolds (D:1)
  A quokka (D:2)
  3 frilled lizards
  7 rats
45 creatures vanquished.

Vanquished Creatures (collateral kills)
  2 gnolls (D:2)
  A hobgoblin (D:2)
  A rat (D:2)
4 creatures vanquished.

Grand Total: 49 creatures vanquished

Notes
Turn   | Place    | Note
-------+----------+-------------------------------------------
     0 | D:1      | mopl the Gnoll Wanderer began the quest for the Orb.
     0 | D:1      | mopl set off with: a book of Callings, the Handbook of Poisoning, a +0 falchion, a +0 robe, a bread ration
     0 | D:1      | Reached XP level 1. HP: 17/17 MP: 1/1
    10 | D:1      | Identified the Handbook of Poisoning
   110 | D:1      | Reached XP level 2. HP: 17/23 MP: 2/2
   704 | D:1      | Reached XP level 3. HP: 20/28 MP: 3/3
  1197 | D:1      | Learned a level 2 spell: Call Imp
  1377 | D:2      | Reached skill level 1 in Invocations
  1583 | D:2      | Reached skill level 1 in Short Blades
  1583 | D:2      | Reached skill level 1 in Axes
  1583 | D:2      | Reached skill level 1 in Maces & Flails
  1583 | D:2      | Reached skill level 1 in Polearms
  1583 | D:2      | Reached skill level 1 in Staves
  1583 | D:2      | Reached skill level 1 in Slings
  1583 | D:2      | Reached skill level 1 in Bows
  1583 | D:2      | Reached skill level 1 in Crossbows
  1583 | D:2      | Reached skill level 1 in Throwing
  1583 | D:2      | Reached skill level 1 in Armour
  1583 | D:2      | Reached skill level 1 in Unarmed Combat
  1583 | D:2      | Reached skill level 1 in Spellcasting
  1583 | D:2      | Reached skill level 1 in Evocations
  1583 | D:2      | Reached XP level 4. HP: 31/34 MP: 5/5
  1592 | D:2      | Learned a level 3 spell: Call Canine Familiar
  1782 | D:2      | Slain by a gnoll

Vault maps used:
D:1:      giann_forest_graveyard, serial_park_tiny_pond
D:2:      minmay_hedge_maze

Skill      XL: |  1  2  3 |
---------------+----------+-----
Invocations    | 1 |  1.1
Short Blades   | 1 |  1.0
Axes           | 1 |  1.0
Maces & Flails | 1 |  1.0
Polearms       | 1 |  1.0
Staves         | 1 |  1.0
Slings         | 1 |  1.0
Bows           | 1 |  1.0
Crossbows      | 1 |  1.0
Throwing       | 1 |  1.0
Armour         | 1 |  1.0
Unarmed Combat | 1 |  1.0
Spellcasting   | 1 |  1.0
Evocations     | 1 |  1.0
Fighting       | |  2.7
Long Blades    | |  2.7
Dodging        | |  2.7
Stealth        | |  2.5
Shields        | |  2.7
Conjurations   | |  0.8
Hexes          | |  0.8
Charms         | |  0.8
Summonings     | |  5.4
Necromancy     | |  3.8
Translocations | |  0.8
Transmutations | |  0.8
Fire Magic     | |  0.8
Ice Magic      | |  0.8
Air Magic      | |  0.8
Earth Magic    | |  0.8
Poison Magic   | |  0.8

Action                   |  1- 3 |  4- 6 || total
-------------------------+-------+-------++-------
Melee: Falchion          |    13 |       ||    13
       Whip              |   122 |    19 ||   141
       Bite              |     4 |     2 ||     6
Throw: Stone             |       |     2 ||     2
 Cast: Call Imp          |     1 |     4 ||     5
 Stab: Sleeping          |     1 |       ||     1
  Eat: Chunk             |     2 |     1 ||     3
Armor: Ring mail         |    53 |     5 ||    58
       Robe              |     4 |       ||     4
Dodge: Dodged            |   104 |    17 ||   121
       Rpst.: Falchion   |     4 |       ||     4

Table legend:
 A = Spawn XP
 B = Non-spawn XP
 C = Spawn XP percentage of total XP
 D = Spawn monster count
 E = Non-spawn monster count
 F = Spawn count percentage of total count
 G = Total turns spent on level
                    A         B        C        D         E        F      G
               +---------+---------+-------+---------+---------+-------+---------
         Total |       0 |     103 |   0.0 |       0 |      49 |   0.0 |  1782
               +---------+---------+-------+---------+---------+-------+---------
           D:1 |       0 |      49 |   0.0 |       0 |      31 |   0.0 |  1219
           D:2 |       0 |      54 |   0.0 |       0 |      18 |   0.0 |   563
               +---------+---------+-------+---------+---------+-------+---------
